 Dungeon Crawl Stone Soup version 0.31-a0-1589-g8f5e8aebd6 (webtiles) character file.

Game seed: 95924588470027353

2088 pokeman the Thaumaturge (level 9, -4/44 (48) HPs)
             Began as a Deep Elf Hedge Wizard on Jan 5, 2024.
             Was a Follower of Vehumet.
             Slain by a wight
             ... wielding a +5 long sword of freezing
              (10 damage)
             ... on level 7 of the Dungeon.
             The game lasted 00:13:13 (6701 turns).

pokeman the Thaumaturge (Deep Elf Hedge Wizard)     Turns: 6701, Time: 00:13:14

HP:   -4/44 (48)    AC:  6    Str:  9    XL:     9   Next: 6%
MP:   16/25         EV: 12    Int: 30    God:    Vehumet [*.....]
Gold: 431           SH:  0    Dex: 17    Spells: 21/29 levels left

rFire   + . .        m - +9 whip "Grim Tooth" {freeze, rC+ Dex+3}
rCold   + . .        (no shield)
rNeg    . . .        p - +1 leather armour of the Beekeeper {rPois rF+ Str+2}
rPois   +            c - +0 hat
rElec   .            (no cloak)
rCorr   +            k - +0 pair of gloves
SInv    .            w - +0 pair of boots
Will    .....        (no amulet)
Stlth   +++          g - +6 ring of intelligence
HPRegen 0.27/turn    y - ring of resist corrosion
MPRegen 0.19/turn

%: no passive effects
@: on blink cooldown, drained
A: no striking features
a: Renounce Religion


You were on level 7 of the Dungeon.
You worshipped Vehumet.
Vehumet was aware of your devotion.
You visited 2 branches of the dungeon, and saw 8 of its levels.

You collected 431 gold pieces.

Inventory:

Hand Weapons
 m - the +9 whip "Grim Tooth" (weapon) {freeze, rC+ Dex+3}
   (You found it on level 3 of the Dungeon)

   Dex+3:     It affects your dexterity (+3).
   rC+:       It protects you from cold.
 x - a +2 whip of venom
Armour
 c - a +0 hat (worn)
 k - a +0 pair of gloves (worn)
 p - the +1 leather armour of the Beekeeper (worn) {rPois rF+ Str+2}
   (You found it on level 4 of the Dungeon)

   Str+2:     It affects your strength (+2).
   rF+:       It protects you from fire.
   rPois:     It protects you from poison
 w - a +0 pair of boots (worn)
Magical Staves
 o - a staff of air
 q - a staff of death
Jewellery
 g - a +6 ring of intelligence (left hand)
 y - a ring of resist corrosion (right hand)
Wands
 n - a wand of flame (47)
Scrolls
 a - 2 scrolls of enchant weapon {unknown}
 h - 3 scrolls of fog {unknown}
 i - 7 scrolls of teleportation {unknown}
 j - a scroll of identify {unknown}
 l - a scroll of amnesia {unknown}
 r - a scroll of immolation {unknown}
 t - 2 scrolls of noise {unknown}
 u - a scroll of blinking {unknown}
Potions
 b - a potion of haste {unknown}
 d - 2 potions of magic
 e - 2 potions of brilliance {unknown}
 f - a potion of mutation {unknown}
 s - a potion of curing {unknown}
 v - 2 potions of ambrosia {unknown}


   Skills:
 + Level 2.2 Fighting
 - Level 3.0 Armour
 - Level 3.0 Dodging
 - Level 4.1 Stealth
 * Level 10.8 Spellcasting
 + Level 5.8 Conjurations
 - Level 1.1 Summonings
 + Level 4.6 Necromancy
 - Level 1.1 Translocations
 - Level 1.0 Air Magic
 - Level 1.0 Alchemy
 - Level 1.0 Evocations


You had 21 spell levels left.
You knew the following spells:

 Your Spells              Type           Power      Damage    Failure   Level
a - Magic Dart            Conj           100%       1d8       1%          1
b - Mephitic Cloud        Conj/Alch/Air  32%        N/A       4%          3
c - Call Imp              Summ           44%        N/A       4%          2
d - Blink                 Tloc           44%        N/A       4%          2

Your spell library contained the following spells:

 Spells                   Type           Power      Damage    Failure   Level
 Shock                    Conj/Air       100%       1d9       1%          1
 Cigotuvi's Dreadful Rot  Necr/Alch/Air  58%        N/A       2%          2
 Slow                     Hex            64%        N/A       4%          1
 Lesser Beckoning         Tloc           44%        N/A       4%          2
 Gell's Gravitas          Tloc           22%        N/A       9%          3
 Teleport Other           Tloc           22%        N/A       9%          3


Dungeon Overview and Level Annotations

Branches:
Dungeon (7/15)             Temple (1/1) D:4

Altars:
Ashenzari
Cheibriados
Dithmenos
Elyvilon
Fedhas
Gozag
Hepliaklqana
Kikubaaqudgha
Makhleb
Nemelex Xobeh
Okawaru
Qazlal
Ru
Vehumet
Wu Jian
Xom
Zin
The Shining One


Message History

Unknown command.
The wight hits you but does no damage.
Your cerulean imp hits the wight with a -2 spear.
Your cerulean imp hits the wight but does no damage.
Your cerulean imp closely misses the wight.
The wight misses your cerulean imp.
Your cerulean imp barely misses the wight.
The wight hits your cerulean imp with a +5 long sword of freezing!
The wight freezes your cerulean imp.
Your cerulean imp dies!
Your cerulean imp disappears in a puff of smoke!
You closely miss the wight.
The wight hits you with a +5 morningstar of freezing!
You feel drained. The wight freezes you.
Unknown command.
Casting: Call Imp (safe; 4% risk of failure)
Confirm with . or Enter, or press ? or * to list all spells.
A tiny devil pulls itself out of the air.
The wight hits you with a +5 morningstar of freezing.
Unknown command.
You hit the wight.
The wight is lightly damaged.
The wight hits you with a +5 morningstar of freezing!
* * * LOW HITPOINT WARNING * * *
You feel drained.
* * * LOW HITPOINT WARNING * * *
The wight freezes you.
* * * LOW HITPOINT WARNING * * *
Your cerulean imp closely misses the wight.
Your cerulean imp hits the wight from afar with a -2 spear.
Casting: Call Imp (safe; 4% risk of failure)
Confirm with . or Enter, or press ? or * to list all spells.
You blink.
Your cerulean imp completely misses the wight.
Your cerulean imp hits the wight from afar with a -2 spear.
Your cerulean imp hits the wight but does no damage.
Your cerulean imp closely misses the wight.
The wight attacks as it pursues you!
The wight hits you with a +5 long sword of freezing!
You die...

...............
....###.#####.>.##
.#.####.# ...#
........# ...#
.#.###### ..# ##)## ..#
#)))## #.# ....<## ###
#.# ......## ##.###@#
.......####.5..z.###..
.......'......z........
.......####........##..
......## #........#
####### ####.....#
#....## #..### +.##


You could see 2 wights and a friendly cerulean imp (summoned).

Vanquished Creatures
  6 yaks (D:5)
  A water moccasin (D:6)
  A black bear (D:6)
  An ogre (D:6)
  A centaur (D:4)
  A phantom (D:5)
  3 scorpions
  A bombardier beetle (D:4)
  A hound (D:4)
  2 orc priests
  Jessica (D:2)
  A sleepcap (D:5)
  4 iguanas
  2 orc wizards
  Robin (D:2)
  3 gnolls (D:6)
  3 river rats (D:6)
  9 adders
  6 ufetubi
  4 ribbon worms
  6 dart slugs
  15 orcs
  6 ball pythons
  A bat (D:2)
  8 endoplasms
  A giant cockroach (D:2)
  12 goblins
  7 hobgoblins
  A jackal (D:3)
  8 kobolds
  A frilled lizard (D:2)
  5 rats
123 creatures vanquished.

Vanquished Creatures (collateral kills)
  An orc (D:3)
  3 hobgoblins
  3 goblins (D:2)
7 creatures vanquished.

Grand Total: 130 creatures vanquished

Notes
Turn   | Place    | Note
-------+----------+-------------------------------------------
     0 | D:1      | pokeman the Deep Elf Hedge Wizard began the quest for the
                  | Orb.
     0 | D:1      | Reached XP level 1. HP: 10/10 MP: 7/7
   295 | D:1      | Found a faded altar of an unknown god.
   452 | D:1      | Reached XP level 2. HP: 13/16 MP: 5/9
  1099 | D:2      | Reached skill level 5 in Spellcasting
  1154 | D:2      | Reached XP level 3. HP: 20/20 MP: 6/11
  1158 | D:2      | Learned a level 3 spell: Mephitic Cloud
  1161 | D:2      | Learned a level 2 spell: Blink
  1164 | D:2      | Learned a level 2 spell: Call Imp
  1264 | D:2      | Reached skill level 1 in Fighting
  1327 | D:2      | Reached skill level 1 in Armour
  1545 | D:2      | Noticed Jessica
  1558 | D:2      | Killed Jessica
  1559 | D:2      | Reached XP level 4. HP: 9/25 MP: 2/13
  1586 | D:2      | Noticed Robin
  1593 | D:2      | Killed Robin
  1769 | D:2      | Found a snail-covered altar of Cheibriados.
  2166 | D:2      | Reached skill level 6 in Spellcasting
  2269 | D:2      | Reached XP level 5. HP: 29/29 MP: 11/15
  2480 | D:3      | Found an opulent altar of Gozag.
  2510 | D:3      | Found a glowing silver altar of Zin.
  2866 | D:3      | Identified the +9 whip "Grim Tooth" {freeze, rC+ Dex+3}
  3054 | D:3      | Found a snail-covered altar of Cheibriados.
  3061 | D:3      | Reached skill level 1 in Alchemy
  3252 | D:4      | Noticed a centaur
  3268 | D:4      | Killed a centaur
  3269 | D:4      | Reached XP level 6. HP: 30/34 MP: 8/17
  3416 | D:4      | Reached skill level 1 in Evocations
  3424 | D:4      | Reached skill level 1 in Air Magic
  3429 | D:4      | Reached skill level 7 in Spellcasting
  3645 | D:4      | Identified the +1 leather armour of the Beekeeper {rPois
                  | rF+ Str+2}
  3739 | D:4      | Found a staircase to the Ecumenical Temple.
  3754 | Temple   | Entered the Ecumenical Temple
  3780 | D:4      | Found a glowing golden altar of the Shining One.
  3827 | D:4      | Reached XP level 7. HP: 38/38 MP: 18/20
  3927 | D:4      | Found a radiant altar of Vehumet.
  3932 | D:4      | Became a worshipper of Vehumet
  4223 | D:4      | Found a sparkling altar of Nemelex Xobeh.
  4417 | D:4      | Found a sacrificial altar of Ru.
  4449 | D:4      | Found a hazy altar of Hepliaklqana.
  4557 | D:5      | Entered Level 5 of the Dungeon
  4580 | D:5      | Found a shimmering altar of Xom.
  4622 | D:5      | Reached skill level 8 in Spellcasting
  4868 | D:5      | Reached skill level 1 in Necromancy
  5152 | D:5      | Reached * piety under Vehumet
  5152 | D:5      | Offered knowledge of Shock by Vehumet.
  5507 | D:5      | Noticed a yak
  5511 | D:5      | Noticed a yak
  5513 | D:5      | Noticed a yak
  5514 | D:5      | Noticed a yak
  5517 | D:5      | Noticed a yak
  5518 | D:5      | Killed a yak
  5520 | D:5      | Noticed a yak
  5527 | D:5      | Killed a yak
  5528 | D:5      | Reached skill level 9 in Spellcasting
  5528 | D:5      | Reached XP level 8. HP: 44/44 MP: 14/23
  5537 | D:5      | Reached skill level 5 in Conjurations
  5546 | D:5      | Reached skill level 10 in Spellcasting
  5727 | D:6      | Found an iron altar of Okawaru.
  6006 | D:6      | Reached XP level 9. HP: 48/48 MP: 21/25
  6701 | D:7      | Slain by a wight

Illustrated notes

Levels and vault maps discovered:
D:1:      wander_arrival_desolate, layout_basic,
          hellmonk_ecumenical_altar_pennies_from_heaven, serial_bayou,
          serial_bayou_pond_c, serial_bayou_shore_a, serial_bayou_lagoon_a,
          serial_bayou_ford_a, serial_bayou_pond_c
D:2:      layout_basic, basic_altar, minmay_split_cup_small, uniq_jessica,
          uniq_robin
D:3:      layout_basic, pdpol_temple_overflow_zin_treasury_gozag_greed,
          slow_altar_2, kennysheep_donut, kennysheep_generic_room_13
D:4:      layout_loops_corners, nicolae_overflow_hidden_temple,
          general_overflow_altar, vehumet_altar_wand_db,
          mainiacjoe_overflow_large_starburst,
          minmay_temple_entry_statues_fountains
D:5:      layout_basic, kennysheep_mini
D:6:      wad_woods_settlement, layout_basic, okawaru_ov_weapons_minmay
D:7:      layout_loops_corners, mainiacjoe_overflow_alcove_1,
          mainiacjoe_overflow_small_starburst, nrook_pool_corridor, st_stairs_5,
          glass_columns_a, uniq_pikel
Temple:   pf_temple_reverse_labyrinth

Skill      XL: |  1  2  3  4  5  6  7  8 |
---------------+-------------------------+-----
Spellcasting   | 5 6 7 9 10 | 10.8
Fighting       | 1 2 |  2.2
Armour         | 1 3 |  3.0
Conjurations   | 2 3 4 5 |  5.8
Dodging        | 3 |  3.0
Stealth        | 3 4 |  4.1
Alchemy        | 1 |  1.0
Evocations     | 1 |  1.0
Air Magic      | 1 |  1.0
Necromancy     | 2 4 |  4.6
Summonings     | |  1.1
Translocations | |  1.1

Action                     |  1- 3 |  4- 6 |  7- 9 || total
---------------------------+-------+-------+-------++-------
  Melee: Dagger            |    13 |    50 |       ||    63
         Punch             |       |     1 |       ||     1
         Whip              |       |     7 |    86 ||    93
   Cast: Magic Dart        |    65 |    87 |    92 ||   244
         Mephitic Cloud    |     2 |    11 |    17 ||    30
         Call Imp          |       |     2 |     4 ||     6
         Blink             |       |     1 |     2 ||     3
  Evoke: Wand              |       |     1 |       ||     1
   Stab: Confused          |     1 |     5 |    14 ||    20
         Sleeping          |       |       |     1 ||     1
 Armour: Robe              |    22 |    21 |       ||    43
         Leather armour    |       |     2 |    61 ||    63
  Dodge: Dodged            |    24 |    26 |    70 ||   120

Table legend: (Time is in decaauts)
 A = Elapsed time spent in this place.
 B = Non-inter-level travel time spent in this place.
 C = Inter-level travel time spent in this place.
 D = Time resting spent in this place.
 E = Time spent auto-exploring this place.
 F = Levels seen in this place.
 G = Mean time per level.
                   A        B        C        D        E       F      G
               +--------+--------+--------+--------+--------+-----+--------+
         Total |   6744 |   6586 |    158 |     39 |   5661 |   8 |  843.0 |
       Dungeon |   6742 |   6584 |    158 |     39 |   5661 |   7 |  963.1 |
        Temple |      1 |      1 |      0 |      0 |      0 |   1 |    1.0 |
               +--------+--------+--------+--------+--------+-----+--------+

Top non-repeatable levels by time:
     D:2: 1359 daAuts
     D:4: 1323 daAuts
     D:5: 1174 daAuts
     D:1: 1132 daAuts
     D:6: 853 daAuts
     D:3: 775 daAuts
     D:7: 124 daAuts
  Temple: 1 daAuts
